Map: Frost LE

Players

Neeb - Winner!

  • Race: Protoss Protoss

uThermal

  • Race: Terran Terran

Event: 2016 WCS Summer Circuit Championship (DH Montreal)

VOD

Have the link to the VOD?

Description

Time

  • Played on: Aug. 13, 2016, 1:59 p.m.
  • Length: 10:37

All games in this series

Show
View Real Time Build Order
Export as new Build Order

Neeb Protoss - Winner!

Build Orders: 1 Gate Expand, Oracle Opening 

Get SALT Encoding   

  12  0:00  Probe (Chrono Boost)  
  13  0:11  Probe (Chrono Boost)  
  14  0:18  Pylon  
  14  0:22  Probe (Chrono Boost)  
  15  0:36  Probe (Chrono Boost), Gateway  
  16  0:47  Probe (Chrono Boost)  
  16  0:48  Assimilator  
  17  0:57  Probe (Chrono Boost)  
  18  1:08  Probe (Chrono Boost)  
  19  1:17  Nexus  
  19  1:21  Probe (Chrono Boost)  
  20  1:31  Cybernetics Core  
  20  1:34  Probe (Chrono Boost)  
  20  1:39  Assimilator  
  21  1:44  Probe (Chrono Boost)  
  22  1:49  Pylon  
  22  1:55  Probe (Chrono Boost)  
  23  2:04  Adept  
  23  2:07  Warp Gate  
  26  2:08  Probe (Chrono Boost)  
  26  2:21  Probe (Chrono Boost)  
  27  2:24  Stargate  
  27  2:28  Adept  
  27  2:31  Probe (Chrono Boost)  
  27  2:33  Probe (Chrono Boost)  
  31  2:42  Probe (Chrono Boost)  
  33  2:45  Probe (Chrono Boost)  
  33  2:53  Probe (Chrono Boost), Adept  
  33  2:57  Probe (Chrono Boost)  
  37  3:03  Probe (Chrono Boost)  
  38  3:07  Pylon  
  38  3:08  Oracle  
  38  3:09  Probe (Chrono Boost)  
  39  3:14  Probe (Chrono Boost)  
  39  3:19  Pylon  
  44  3:21  Probe (Chrono Boost)  
  44  3:24  Probe (Chrono Boost)  
  45  3:33  Probe (Chrono Boost)  
  46  3:35  Probe (Chrono Boost)  
  47  3:42  Oracle  
  47  3:43  Gateway  
  47  3:44  Gateway  
  47  3:45  Probe (Chrono Boost)  
  47  3:47  Mothership Core (Chrono Boost)  
  53  3:56  Probe (Chrono Boost)  
  54  4:04  Pylon  
  54  4:06  Probe (Chrono Boost)  
  54  4:07  Probe (Chrono Boost)  
  56  4:11  Adept  
  56  4:17  Probe (Chrono Boost)  
  56  4:19  Probe (Chrono Boost)  
  53  4:24  Phoenix  
  53  4:27  Probe (Chrono Boost)  
  56  4:32  Adept  
  57  4:39  Probe (Chrono Boost)  
  57  4:40  Probe (Chrono Boost)  
  57  4:44  Assimilator  
  58  4:45  Assimilator  
  58  4:50  Probe (Chrono Boost)  
  58  4:52  Probe (Chrono Boost)  
  60  4:54  Nexus  
  60  4:55  Pylon, Phoenix  
  62  5:00  Probe (Chrono Boost)  
  62  5:04  Probe (Chrono Boost), Pylon  
  64  5:11  Probe (Chrono Boost)  
  64  5:16  Probe (Chrono Boost)  
  64  5:17  Phoenix  
  67  5:22  Adept  
  65  5:34  Probe (Chrono Boost)  
  64  5:36  Probe (Chrono Boost)  
  64  5:39  Phoenix  
  66  5:51  Probe (Chrono Boost)  
  66  5:53  Probe (Chrono Boost)  
  64  6:02  Probe (Chrono Boost)  
  63  6:05  Probe (Chrono Boost), Phoenix  
  63  6:08  Probe (Chrono Boost)  
  66  6:12  Probe (Chrono Boost)  
  66  6:17  Probe (Chrono Boost)  
  69  6:18  Probe (Chrono Boost)  
  69  6:23  Probe (Chrono Boost)  
  70  6:27  Phoenix  
  70  6:29  Probe x2 (Chrono Boost)  
  74  6:33  Probe (Chrono Boost)  
  74  6:35  Forge  
  74  6:38  Twilight Council  
  74  6:39  Probe (Chrono Boost)  
  77  6:41  Probe (Chrono Boost)  
  77  6:42  Pylon  
  77  6:44  Probe (Chrono Boost)  
  78  6:47  Pylon  
  78  6:50  Probe (Chrono Boost)  
  78  6:53  Probe (Chrono Boost), Robotics Facility  
  80  6:54  Probe (Chrono Boost)  
  80  6:56  Adept  
  80  6:57  Adept  
  80  6:59  Adept  
  80  7:00  Probe (Chrono Boost), Protoss Ground Weapons Level 1  
  88  7:05  Probe x2 (Chrono Boost), Resonating Glaives  
  90  7:11  Probe (Chrono Boost)  
  90  7:12  Pylon  
  92  7:16  Probe (Chrono Boost)  
  92  7:17  Probe (Chrono Boost)  
  94  7:23  Pylon  
  94  7:27  Gateway  
  94  7:29  Gateway  
  93  7:38  Gateway  
  93  7:39  Gateway  
  93  7:41  Adept x2  
  93  7:42  Gateway  
  97  7:45  Warp Prism  
  99  8:04  Adept  
  99  8:05  Adept x2  
  105  8:08  Phoenix  
  105  8:09  Gateway  
  105  8:10  Gateway  
  105  8:11  Pylon  
  107  8:16  Photon Cannon, Pylon  
  107  8:23  Observer  
  108  8:33  Adept x2  
  108  8:34  Adept  
  96  8:44  Adept  
  96  8:45  Adept x4  
  100  8:55  Immortal  
  91  8:58  Adept x3  
  97  9:10  Adept x4  
  97  9:11  Adept x2  
  97  9:12  Sentry  
  111  9:17  Nexus  
  111  9:19  Probe (Chrono Boost)  
  111  9:20  Probe x2 (Chrono Boost), Assimilator  
  111  9:24  Assimilator  
  111  9:36  Stalker x4  
  111  9:37  Stalker  
  119  9:40  Stalker x2  
  113  9:59  Adept x2  
  115  10:00  Adept x6  
  124  10:14  Probe (Chrono Boost)  
  124  10:15  Probe x2 (Chrono Boost)  
  124  10:16  Pylon  
  124  10:19  Adept x3  
  124  10:20  Adept x2  
Show
View Real Time Build Order
Export as new Build Order

uThermal Terran 

Build Orders: 1/1/1, Liberator Opening, MMM Bio 

Get SALT Encoding   

  12  0:01  SCV  
  13  0:13  SCV  
  14  0:17  Supply Depot  
  14  0:25  SCV  
  15  0:29  Refinery  
  15  0:39  SCV  
  16  0:44  Barracks  
  16  0:51  SCV  
  17  1:03  SCV  
  18  1:15  SCV  
  19  1:31  Orbital Command  
  19  1:32  Marine  
  20  1:33  Factory  
  20  1:41  Supply Depot  
  20  1:49  Marine  
  21  1:57  SCV  
  22  2:09  Command Center  
  22  2:13  Marine  
  23  2:22  Starport  
  23  2:26  Widow Mine  
  25  2:30  Marine  
  25  2:32  SCV  
  27  2:37  Supply Depot  
  27  2:44  SCV  
  27  2:48  Marine  
  29  2:55  Hellion  
  31  2:59  Medivac  
  31  3:01  SCV  
  34  3:06  Marine  
  34  3:10  Refinery  
  34  3:17  Hellion  
  34  3:18  SCV  
  37  3:24  Orbital Command  
  37  3:26  Liberator  
  37  3:28  Marine  
  38  3:45  SCV  
  42  3:51  SCV  
  42  3:53  Widow Mine  
  42  3:54  Marine  
  46  3:57  SCV  
  47  4:03  SCV  
  47  4:05  Supply Depot  
  47  4:09  SCV  
  47  4:12  Marine  
  47  4:15  SCV  
  47  4:16  Liberator  
  46  4:30  Marine  
  47  4:38  SCV x2  
  49  4:49  Widow Mine  
  49  4:50  SCV  
  49  4:51  SCV  
  49  4:52  Barracks Reactor  
  53  4:56  Barracks  
  53  4:57  Barracks  
  53  5:03  SCV x2  
  55  5:15  SCV x2  
  57  5:27  SCV x2  
  54  5:36  Marine x2  
  54  5:38  Factory Tech Lab, Starport Tech Lab  
  54  5:39  SCV x2  
  54  5:40  Barracks  
  54  5:41  Barracks  
  55  5:48  Barracks Tech Lab  
  42  5:51  SCV x2  
  42  5:54  Marine  
  43  6:03  SCV  
  41  6:06  SCV  
  41  6:09  Starport Reactor, Marine  
  41  6:10  Stimpack  
  39  6:12  Factory Reactor  
  39  6:13  Marine  
  39  6:15  SCV  
  40  6:18  SCV  
  40  6:23  Marine x2  
  40  6:27  Combat Shields, Marine, SCV  
  40  6:30  SCV  
  43  6:33  Marine  
  43  6:39  SCV  
  45  6:40  Barracks Reactor  
  45  6:42  SCV  
  45  6:43  Engineering Bay  
  45  6:46  Medivac  
  48  6:49  Medivac  
  48  6:51  Marine, SCV  
  52  6:54  SCV  
  52  6:55  Marine x2  
  52  6:58  Supply Depot  
  52  7:01  Marine  
  56  7:02  Marine  
  56  7:03  SCV  
  56  7:07  SCV  
  56  7:08  Supply Depot, Concussive Shells  
  59  7:09  Widow Mine  
  59  7:15  Missile Turret, Widow Mine  
  61  7:20  Missile Turret, Marine  
  61  7:21  Marauder  
  61  7:22  SCV  
  66  7:26  Refinery  
  66  7:28  SCV  
  67  7:30  Marine, Refinery  
  67  7:35  SCV  
  65  7:38  Marine  
  65  7:39  Marauder  
  65  7:40  SCV  
  65  7:41  Marine, Marauder  
  72  7:47  SCV  
  72  7:48  Widow Mine x2  
  77  7:56  Supply Depot  
  73  8:02  SCV x2  
  73  8:03  Marine x3  
  73  8:05  Liberator  
  76  8:07  Marine x2  
  78  8:16  Liberator, Supply Depot  
  78  8:17  Supply Depot, SCV x2  
  82  8:34  Marine  
  82  8:35  Marauder  
  82  8:39  Marine, Marauder  
  88  8:42  Marine  
  88  8:43  Marauder  
  72  8:56  Marine x2  
  72  8:57  Marauder  
  72  8:58  Widow Mine x2  
  72  8:59  Marine  
  79  9:05  Medivac  
  79  9:08  Marine  
  82  9:11  Marine  
  82  9:16  Medivac  
  85  9:18  Liberator  
  85  9:21  Marine x2  
  85  9:22  Marine  
  88  9:27  Widow Mine  
  88  9:31  Marine x2  
  85  9:37  Marine  
  78  9:54  Marine  
  78  9:59  Marine x2  
  79  10:03  Widow Mine  
  75  10:07  Marine  
  75  10:09  Marine  
  75  10:13  Marine  
Tags
 
Add a new tag
Caveats
  • Supply blocks, unpowered buildings, or Contaminate may cause inaccurate times.
  • Supply counts are checked every 10 seconds.